 Dungeon Sprint DCSS version 0.28-a0-828-g0121872642 (webtiles) character file.

Game seed: 9148825527427584388

7878 boopmooplesden the Fencer (level 11, 0/111 HPs)
             Began as a Minotaur Fighter on Nov 10, 2021.
             Was a High Priest of Okawaru.
             Killed from afar by Harold (10 damage)
             ... with a harpoon shot
             ... in the Dungeon (Sprint VII: "The Pits").
             The game lasted 00:07:24 (2202 turns).

boopmooplesden the Fencer (Minotaur Fighter)        Turns: 2202, Time: 00:07:25

Health: 0/111      AC: 23    Str: 24    XL:     11   Next: 2%
Magic:  11/13      EV: 11    Int:  5    God:    Okawaru [*****.]
Gold:   0          SH:  8    Dex: 10    Spells: 10/10 levels left

rFire   . . .      SeeInvis .   u - +2 scimitar (holy)
rCold   . . .      Faith    .   c - +0 buckler
rNeg    . . .      Spirit   .   v - +3 plate armour
rPois   .          Reflect  .   (helmet restricted)
rElec   .          Harm     .   (no cloak)
rCorr   .          Rampage  .   (no gloves)
Will    .....      Rage     1%  (no boots)
Stlth   .......... NoTele   +   (no amulet)
HPRegen 0.28/turn               (no ring)
MPRegen 0.13/turn               (no ring)

@: mighty, heroic
A: horns 2, retaliatory headbutt, berserk 1
a: Renounce Religion, Heroism, Finesse


You were in the Dungeon.
You worshipped Okawaru.
Okawaru was extremely pleased with you.
You visited 1 branch

Inventory:

Hand Weapons
 a - a +0 long sword
 k - a +2 falchion
 p - a +2 long sword of flaming
 q - a +2 scimitar of flaming
 u - a +2 scimitar of holy wrath (weapon)
Missiles
 w - 2 javelins (quivered)
Armour
 b - a +0 scale mail
 c - a +0 buckler (worn)
 o - a +3 chain mail
 v - a +3 plate armour (worn)
Jewellery
 r - a +3 ring of intelligence
 s - a +3 ring of protection
Scrolls
 j - a scroll of blinking
 m - 5 scrolls of amnesia
 n - a scroll of summoning
Potions
 e - 8 potions of curing
 f - 2 potions of heal wounds
 g - a potion of haste
 h - 4 potions of magic
 i - 4 potions of berserk rage
 l - a potion of invisibility
 t - a potion of brilliance


   Skills:
 + Level 14.5(19.5) Fighting
 + Level 17.3(22.3) Long Blades
 + Level 17.0(22.0) Armour
 + Level 4.3(9.3) Dodging
 + Level 3.3(8.3) Stealth
 + Level 13.8(18.8) Shields
 + Level 4.5 Invocations


You had 10 spell levels left.
You didn't know any spells.
Your spell library was empty.

Dungeon Overview and Level Annotations

Branches:
Dungeon (1/1)

Altars:
Ashenzari
Cheibriados
Dithmenos
Elyvilon
Fedhas
Gozag
Hepliaklqana
Kikubaaqudgha
Makhleb
Nemelex Xobeh
Okawaru
Qazlal
Ru
Sif Muna
Trog
Uskayaw
Vehumet
Wu Jian
Xom
Yredelemnul
Zin
The Shining One
Beogh
Jiyva
Lugonu

Annotations:
D Harold, Pargi


Innate Abilities, Weirdness & Mutations

You have a pair of horns on your head.
You reflexively headbutt those who attack you in melee.
You tend to lose your temper in combat.


Message History

* * * LOW HITPOINT WARNING * * *
Your Armour skill increases to level 17!
You have reached level 11!
You feel much better.
You feel sick. Harold hits you but does no damage.
The orc hits you with a +0 short sword. You block the gnoll sergeant's attack.
You feel very mighty all of a sudden.
You feel sick.
Harold hits you from afar with a +0 glaive.
* * * LOW HITPOINT WARNING * * *
The orc barely misses you. You block the gnoll sergeant's attack.
You slash the orc!
You kill the orc!
Okawaru accepts your kill.
Harold says, "Bounty hunting has been great, but I can't wait to retire."
Harold barely misses you.
You gain the combat prowess of a mighty hero.
You feel sick.
The orc no longer looks unusually strong.
The wolf completely misses you. The smoke demon gestures at you.
Something smites you!
* * * LOW HITPOINT WARNING * * *
You block the gnoll sergeant's attack. The wolf bites you but does no damage.
Harold hits you but does no damage.
You slash the wolf!
The wolf is heavily wounded.
You feel sick. The gnoll sergeant closely misses you. The wolf bites you.
* * * LOW HITPOINT WARNING * * *
You feel sick.
You are no longer poisoned.
The wolf barely misses you.
Things that are here:
a +0 shortbow; 12 arrows The wolf bites you but does no damage.
You slash the wolf! You headbutt the wolf.
You kill the wolf!
Okawaru accepts your kill. Harold fires a harpoon shot at you.
The harpoon shot hits you!
You die...

#..#......# ..........+
..........+ #..#......#
..........# ###''#####
.##''################ #### ##
.##..#..............###..# ...
.##..##....)).)†@....#..## #.#.
.##..####...#@######.).##hgh...
.##..#..#####)##...##'##.#g#.#.
.##..#....##og.#...#...#ohhog..
.##..†.....#.gT#...#...#4oOhho.
###..).....ogggo...'..@).4@Shg.
###..'.....#.h3#h..#...#.kggs3.
[##..#....##..)#...#)h)#hhh.g..
.##..#..#####)##...##'##.#z#.#.


You could see Harold.

Vanquished Creatures
  An orc high priest (D)
  Sonja (D)
  A bog body (D)
  2 deep elf zephyrmancers (D)
  A manticore (D)
  A black mamba (D)
  An orange demon (D)
  A cane toad (D)
  2 efreet (D)
  2 demonic crawlers (D)
  A red devil (D)
  A hellwing (D)
  A troll (D)
  A polar bear (D)
  A raiju (shapeshifter) (D)
  2 flying skulls (D)
  A vampire (D)
  A basilisk (D)
  A neqoxec (D)
  A warg (D)
  2 water moccasins (D)
  An orc warrior (D)
  7 wolves (D)
  A centaur (D)
  An ogre (D)
  3 wights (D)
  5 orc priests (D)
  A jelly (D)
  A gnoll shaman (D)
  2 orc wizards (D)
  8 gnolls (D)
  A river rat (D)
  An ufetubus (D)
  6 orcs (D)
  An endoplasm (D)
  6 jackals (D)
  3 quokkas (D)
  2 frilled lizards (D)
  A giant cockroach zombie (D)
  3 kobolds (D)
  A rat (D)
81 creatures vanquished.

Notes
Turn   | Place    | Note
-------+----------+-------------------------------------------
     0 | D        | boopmooplesden the Minotaur Fighter began the quest for the
                  | Orb.
     0 | D        | Reached XP level 1. HP: 19/19 MP: 0/0
    11 | D        | Reached XP level 2. HP: 28/28 MP: 1/1
    35 | D        | Found a bloodstained altar of Trog.
    35 | D        | Found a shimmering blue altar of Sif Muna.
    35 | D        | Found a viscous altar of Jiyva.
    35 | D        | Found a hazy altar of Hepliaklqana.
    35 | D        | Found an opulent altar of Gozag.
    36 | D        | Found a glowing golden altar of the Shining One.
    36 | D        | Found a glowing silver altar of Zin.
    36 | D        | Found a basalt altar of Yredelemnul.
    36 | D        | Found a shimmering altar of Xom.
    36 | D        | Found an ornate altar of the Wu Jian Council.
    36 | D        | Found a sacrificial altar of Ru.
    36 | D        | Found a stormy altar of Qazlal.
    36 | D        | Found an iron altar of Okawaru.
    36 | D        | Found a sparkling altar of Nemelex Xobeh.
    36 | D        | Found a burning altar of Makhleb.
    36 | D        | Found a blossoming altar of Fedhas.
    36 | D        | Found a white marble altar of Elyvilon.
    36 | D        | Found a shadowy altar of Dithmenos.
    36 | D        | Found a snail-covered altar of Cheibriados.
    37 | D        | Found a radiant altar of Vehumet.
    37 | D        | Found a corrupted altar of Lugonu.
    38 | D        | Found a hide-covered altar of Uskayaw.
    38 | D        | Found an ancient bone altar of Kikubaaqudgha.
    38 | D        | Found a broken altar of Ashenzari.
    42 | D        | Became a worshipper of Warmaster Okawaru
   101 | D        | Reached skill level 5 in Fighting
   103 | D        | Reached skill level 5 in Armour
   104 | D        | Reached skill level 5 in Shields
   190 | D        | Reached XP level 3. HP: 31/36 MP: 2/2
   194 | D        | Noticed a water moccasin
   200 | D        | Reached XP level 4. HP: 35/44 MP: 3/3
   206 | D        | Reached skill level 5 in Long Blades
   207 | D        | Killed a water moccasin
   207 | D        | Reached * piety under Okawaru
   208 | D        | Reached XP level 5. HP: 33/53 MP: 4/4
   234 | D        | Reached skill level 1 in Dodging
   234 | D        | Reached XP level 6. HP: 6/61 MP: 5/5
   508 | D        | Noticed a flying skull
   522 | D        | Killed a flying skull
   523 | D        | Reached skill level 10 in Long Blades
   525 | D        | Noticed an efreet
   536 | D        | Killed an efreet
   536 | D        | Reached ** piety under Okawaru
   537 | D        | Reached skill level 10 in Armour
   537 | D        | Reached XP level 7. HP: 19/70 MP: 4/6
   786 | D        | Reached skill level 1 in Stealth
   797 | D        | Noticed a deep elf zephyrmancer
   797 | D        | Noticed a cane toad
   803 | D        | Killed a cane toad
   804 | D        | Reached skill level 10 in Fighting
   804 | D        | Reached skill level 1 in Invocations
   804 | D        | Reached XP level 8. HP: 48/79 MP: 4/7
   809 | D        | Killed a deep elf zephyrmancer
   809 | D        | Reached *** piety under Okawaru
   810 | D        | Reached skill level 10 in Shields
   839 | D        | Gained mutation: You are strong-willed. (Will+) [potion of
                  | mutation]
   839 | D        | Gained mutation: Your muscles are strong. (Str +2) [potion
                  | of mutation]
   840 | D        | Lost mutation: Your muscles are strong. (Str +2) [potion of
                  | mutation]
   840 | D        | Lost mutation: You are strong-willed. (Will+) [potion of
                  | mutation]
   840 | D        | Gained mutation: You are weak. (Str -2) [potion of
                  | mutation]
   841 | D        | Lost mutation: You are weak. (Str -2) [potion of mutation]
   841 | D        | Gained mutation: You tend to lose your temper in combat.
                  | [potion of mutation]
  1081 | D        | Noticed a demonic crawler
  1081 | D        | Noticed a manticore
  1088 | D        | Killed a demonic crawler
  1092 | D        | Reached **** piety under Okawaru
  1096 | D        | Killed a manticore
  1097 | D        | Reached XP level 9. HP: 59/89 MP: 7/9
  1230 | D        | Noticed a deep elf zephyrmancer
  1230 | D        | Noticed a red devil
  1240 | D        | Killed a red devil
  1241 | D        | Reached skill level 15 in Long Blades
  1259 | D        | Killed a deep elf zephyrmancer
  1522 | D        | Noticed a bog body
  1522 | D        | Noticed an efreet
  1526 | D        | Killed an efreet
  1530 | D        | Killed a bog body
  1530 | D        | Reached ***** piety under Okawaru
  1824 | D        | Noticed Sonja
  1833 | D        | Reached XP level 10. HP: 32/100 MP: 9/11
  1837 | D        | Killed Sonja
  1838 | D        | Reached skill level 15 in Armour
  1842 | D        | Received a gift from Okawaru
  2066 | D        | Noticed an orange demon
  2074 | D        | Killed an orange demon
  2087 | D        | Received a gift from Okawaru
  2115 | D        | Noticed Pargi
  2116 | D        | Noticed an orc high priest
  2117 | D        | Noticed an orc knight
  2130 | D        | Noticed an orange demon
  2131 | D        | Noticed a sun demon
  2132 | D        | Noticed a black mamba
  2135 | D        | Noticed Harold
  2135 | D        | Noticed a smoke demon
  2159 | D        | Noticed a smoke demon
  2164 | D        | Noticed a smoke demon
  2169 | D        | Killed an orc high priest
  2169 | D        | Identified the +6 falchion "Ichi Dio" {vorpal, rPois rF+}
                  | (Okawaru gifted it to you in the Dungeon)
  2169 | D        | Received a gift from Okawaru
  2185 | D        | Killed a black mamba
  2194 | D        | Reached XP level 11. HP: 20/111 MP: 13/13
  2202 | D        | Killed from afar by Harold

Illustrated notes

Levels and vault maps discovered:
D:        pitsprint [storerooms_1, entrance_room_1, metal_vault_1, armoury_1,
          mini_pit_1, grid_room_1, main_hall_1, silver_pit, the_coven_2,
          the_vestibule_1, steel_vault_4, golden_pit, hallway_of_sentries,
          crystal_vault_2, iron_vault_2, final_vault]

Skill      XL: |  1  2  3  4  5  6  7  8  9 10 |
---------------+-------------------------------+-----
Fighting       | 4 5 6 7 8 9 10 11 12 14 | 14.5
Armour         | 4 5 6 7 8 10 11 12 14 17 | 17.0
Shields        | 4 5 6 7 9 10 11 13 | 13.8
Long Blades    | 3 4 7 8 11 12 14 16 17 | 17.3
Dodging        | 1 2 3 4 |  4.3
Stealth        | 1 2 3 |  3.3
Invocations    | 1 2 3 4 |  4.5

Action                   |  1- 3 |  4- 6 |  7- 9 | 10-12 || total
-------------------------+-------+-------+-------+-------++-------
Melee: Long sword        |    11 |    50 |       |       ||    61
       Falchion          |    30 |       |       |       ||    30
       Headbutt          |     4 |     8 |    10 |    24 ||    46
       Scimitar          |       |       |    67 |    90 ||   157
Invok: Heroism           |       |     1 |     6 |     5 ||    12
  Use: Potion            |       |     5 |     3 |     7 ||    15
       Scroll            |       |       |       |     1 ||     1
 Stab: Invisible         |       |     1 |       |       ||     1
Armor: Scale mail        |    10 |       |       |       ||    10
       Chain mail        |     7 |     9 |     3 |       ||    19
       Plate armour      |       |       |    47 |    93 ||   140
Dodge: Dodged            |    14 |    15 |    22 |    96 ||   147
Block: Buckler           |    11 |    12 |    21 |    71 ||   115

Table legend: (Time is in decaauts)
 A = Elapsed time spent in this place.
 B = Non-inter-level travel time spent in this place.
 C = Inter-level travel time spent in this place.
 D = Time resting spent in this place.
 E = Time spent auto-exploring this place.
 F = Levels seen in this place.
 G = Mean time per level.
                   A        B        C        D        E       F      G
               +--------+--------+--------+--------+--------+-----+--------+
         Total |   2177 |   2177 |      0 |   1493 |      0 |   1 | 2177.0 |
       Dungeon |   2177 |   2177 |      0 |   1493 |      0 |   1 | 2177.0 |
               +--------+--------+--------+--------+--------+-----+--------+

Top non-repeatable levels by time:
       D: 2177 daAuts
